 Dungeon Sprint DCSS version 0.23.2-1-ga50397a (webtiles) character file.

Game seed: 10065300175318408680

60859 w00t the Grand Master (level 27, -19/291 HPs)
             Began as an Octopode Fighter on Apr 29, 2019.
             Was an Initiate of Gozag.
             Killed from afar by Dispater (57 damage)
             ... with damnation
             ... in the Dungeon (Sprint VI: "Thunderdome").
             The game lasted 01:04:58 (4762 turns).

w00t the Grand Master (Octopode Fighter)            Turns: 4762, Time: 01:04:59

Health: -19/291    AC: 31    Str: 23 (24) XL:     27
Magic:  72/72      EV: 48    Int: 24      God:    Gozag
Gold:   8115       SH: 14    Dex: 41      Spells: 33/80 levels left

rFire    + + +     SeeInvis +     - Unarmed
rCold    + + +     Gourm    .   k - +3 warlock's mirror {reflect}
rNeg     + + +     Faith    .   w - +2 hat of Futtisiq {rN++ rCorr}
rPois    ∞         Spirit   .   n - amulet "Getsuf" {Harm *Drain rElec Int+4}
rElec    +         Reflect  +   d - ring of Otruhij {rPois rC+ MR+}
rCorr    +         Harm     +   o - ring of the Fool {*Drain rF+++ Str+3 Dex+4}
MR       ++...     Rnd*Rage +   p - ring of the Oligarchy {rPois rN+ MR- Str+5 Int+4} Stlth ++++++++++NoTele +
                                q - ring "Toajys" {*Slow rC+ Int+3 Dex+3}
HPRegen  0.58/turn              b - ring of Jyepheig {MP+9 Dex+4}
MPRegen  0.43/turn              y - ring of Ten Fyil {+Blink rF++ MP+9 Dex-2 SInv}
                                s - ring "Medot" {rC+ Int+3 Dex+5 Stlth-}
                                t - ring of Ysaox {+Fly Str-3 Dex+2 SInv Stlth-}

@: mighty, agile, statue-form, berserk cooldown, slowed, studying Crossbows,
deflect missiles, very slow
A: almost no armour, stealthy swim, amphibious, 8 rings, constrict 8, camouflage
1, berserk 1, blurry vision 1, deterioration 1, dopey 1, weak 2, evolution 1
}: 6/15 runes: decaying, barnacled, slimy, silver, obsidian, mossy
a: End Transformation, Potion Petition, Call Merchant, Bribe Branch, Renounce
Religion, Evoke Blink, Evoke Flight


You were in the Dungeon.
You worshipped Gozag.
Gozag was greatly pleased with you.
You were not hungry.
You were a stone statue.
You visited 1 branch You collected 44800 gold pieces.
You spent 20933 gold pieces at shops.
You paid 15752 gold pieces to Gozag.

Inventory:

Armour
 a - the +0 shield of Rucexuto {Dex+3}
   (You bought it in a shop in the Dungeon)

   It affects your dexterity (+3).
 k - the +3 warlock's mirror (worn) {reflect}
   (You found it in the Dungeon)
 w - the +2 hat of Futtisiq (worn) {rN++ rCorr}
   (You bought it in a shop in the Dungeon)

   It greatly protects you from negative energy.
   It provides partial protection from all sources of acid and corrosion.
Magical Staves
 c - an uncursed staff of wizardry {wiz+, !a}
Jewellery
 b - the ring of Jyepheig (on tentacle) {MP+9 Dex+4}
   (You bought it in a shop in the Dungeon)

   [ring of magical power]

   It affects your dexterity (+4).
   It affects your magic capacity (+9).
 d - the ring of Otruhij (left tentacle) {rPois rC+ MR+}
   (You bought it in a shop in the Dungeon)

   [ring of protection from cold]

   It protects you from cold.
   It protects you from poison.
   It affects your resistance to hostile enchantments.
 n - the amulet "Getsuf" (around mantle) {Harm *Drain rElec Int+4}
   (You bought it in a shop in the Dungeon)

   [amulet of harm]

   It increases damage dealt and taken.
   It affects your intelligence (+4).
   It insulates you from electricity.
   It causes draining when unequipped.
 o - the ring of the Fool (right tentacle) {*Drain rF+++ Str+3 Dex+4}
   (You bought it in a shop in the Dungeon)

   [ring of strength]

   It affects your strength (+3).
   It affects your dexterity (+4).
   It renders you almost immune to fire.
   It causes draining when unequipped.
 p - the ring of the Oligarchy (on tentacle) {rPois rN+ MR- Str+5 Int+4}
   (You bought it in a shop in the Dungeon)

   [ring of positive energy]

   It affects your strength (+5).
   It affects your intelligence (+4).
   It protects you from poison.
   It protects you from negative energy.
   It affects your resistance to hostile enchantments.
 q - the ring "Toajys" (on tentacle) {*Slow rC+ Int+3 Dex+3}
   (You bought it in a shop in the Dungeon)

   [ring of protection from cold]

   It affects your intelligence (+3).
   It affects your dexterity (+3).
   It protects you from cold.
   It may slow you when you take damage.
 s - the ring "Medot" (on tentacle) {rC+ Int+3 Dex+5 Stlth-}
   (You bought it in a shop in the Dungeon)

   [ring of attention]

   It affects your intelligence (+3).
   It affects your dexterity (+5).
   It protects you from cold.
   It makes you less stealthy.
 t - the ring of Ysaox (on tentacle) {+Fly Str-3 Dex+2 SInv Stlth-}
   (You bought it in a shop in the Dungeon)

   [ring of attention]

   It affects your strength (-3).
   It affects your dexterity (+2).
   It lets you see invisible.
   It lets you fly.
   It makes you less stealthy.
 y - the ring of Ten Fyil (on tentacle) {+Blink rF++ MP+9 Dex-2 SInv}
   (You bought it in a shop in the Dungeon)

   [ring of magical power]

   It affects your dexterity (-2).
   It greatly protects you from fire.
   It affects your magic capacity (+9).
   It lets you see invisible.
   It lets you blink.
Wands
 l - a wand of scattershot (7)
Scrolls
 i - 13 scrolls of blinking {!r}
 m - 25 scrolls of fog
 z - 14 scrolls of remove curse {@r2}
 K - a scroll of identify {@r1}
Potions
 e - 10 potions of heal wounds {@q2}
 f - 17 potions of haste
 g - 27 potions of magic
 j - 24 potions of resistance
 u - 7 potions of might
 x - 10 potions of agility
 A - 15 potions of curing {@q1}
 C - 14 potions of mutation {!q}
 E - a potion of lignification {!q}
 F - 21 potions of berserk rage {!q}
 G - 12 potions of brilliance
Books
 v - a manual of Crossbows {!d}
Miscellaneous
 D - a lamp of fire (inert)
Comestibles
 r - 27 rations


   Skills:
 O Level 27 Fighting
 - Level 6.3 Staves
 O Level 27 Dodging
 - Level 25.1 Stealth
 - Level 12.3 Shields
 O Level 27 Unarmed Combat
 O Level 27 Spellcasting
 - Level 9.3 Charms
 + Level 9.3 Summonings
 * Level 2.1 Necromancy
 - Level 13.1 Transmutations
 - Level 9.2 Air Magic
 + Level 13.1 Earth Magic


You had 33 spell levels left.
You knew the following spells:

 Your Spells              Type           Power        Failure   Level  Hunger
c - Iron Shot             Conj/Erth      ######....   10%         6    None
l - Summon Lightning Spi  Summ/Air       ######..     1%          4    None
s - Shatter               Erth           #######...   99%         9    ######.
v - Borgnjor's Vile Clut  Necr/Erth      ######....   1%          5    None
C - Death Channel         Necr           #####.....   52%         6    None
J - Aura of Abjuration    Summ           ######....   1%          5    None
M - Deflect Missiles      Chrm/Air       ######....   3%          6    None
S - Statue Form           Tmut/Erth      #######..    1%          6    None

Your spell library contained the following spells:

 Spells                   Type           Power        Failure   Level  Hunger
 Recall                   Summ/Tloc      N/A          1%          3    None
 Leda's Liquefaction      Hex/Erth       ######....   1%          4    None
 Summon Demon             Summ           ######....   1%          5    None
 Animate Dead             Necr           N/A          3%          4    None
 Silence                  Hex/Air        ######....   3%          5    None
 Summon Forest            Summ/Tloc      ######....   3%          5    None
 Summon Mana Viper        Hex/Summ       ######..     3%          5    None
 Shadow Creatures         Summ           N/A          3%          6    None
 Bolt of Magma            Conj/Fire/Erth ######....   4%          5    None
 Conjure Ball Lightning   Conj/Air       ######....   22%         6    None
 Simulacrum               Ice/Necr       #####.....   67%         6    None
 Tornado                  Air            ######....   100%        9    ######.


Dungeon Overview and Level Annotations

Branches:
Dungeon (1/1)

Altars:
Cheibriados
Dithmenos
Fedhas
Gozag
Kikubaaqudgha
Makhleb
Okawaru
Qazlal
Ru
Sif Muna
Trog
Uskayaw
Vehumet
Wu Jian
Xom
Yredelemnul
Zin
The Shining One
Beogh
Jiyva
Lugonu

Shops:
D [??*?*[=*=?!:=!:[((

Annotations:
D Dispater


Innate Abilities, Weirdness & Mutations

You cannot wear most types of armour.
You are very stealthy in the water. (Stealth+)
You are amphibious.
You can wear up to eight rings at the same time.
You can use your tentacles to constrict eight enemies at once.
Your skin changes colour to match your surroundings (Stealth+).
((Your rubbery body absorbs attacks. (AC +1, EV +1)))
You tend to lose your temper in combat.
Scrolls take you a little longer to read.
Your body sometimes deteriorates upon taking damage.
You are dopey. (Int -2)
You are very weak. (Str -4)
You evolve.


Message History

The bolt of electricity hits Dispater but does no damage.
The bolt of electricity hits the reaper!
Your lightning spire disappears in a puff of smoke!
The tormentor calls on the powers of darkness!
Your body is wracked with pain!
* * * LOW HITPOINT WARNING * * *
Dispater gestures at you.
The sphere of damnation explodes!
The damnation engulfs you!!!
* * * LOW HITPOINT WARNING * * *
The damnation engulfs Dispater.
Dispater completely resists.
The tormentor is engulfed in blazing flames.
You feel much better. Dispater completely misses you.
The hellion gestures at you.
The sphere of damnation explodes!
The damnation engulfs you!
* * * LOW HITPOINT WARNING * * *
The damnation engulfs Dispater.
Dispater completely resists.
Dispater gestures at you.
The sphere of damnation explodes!
The damnation engulfs you!!!
You die...
Your body crumbles into a pile of gold.

#_∩∩....._# #_∩)..)[._#
#..)......# ###..[......###
#⌠.....)[..[.⌠#
######.8.[.......8.######
##∩___))....#$#....[._._∩##
###∩..)....(8.#2#48...)....∩##
##.....)....).8#2#.2.....)..8..
#⌠.))..)....###&22###".....)...
#⌠.))....)..# #22$# #..........
#⌠.)....[...###2.$###..........
##..[....4....∩###$$$$..)......
###∩........82# #$8$.......∩##
##∩___.....$###.$)[..___∩##
######.8.........8.######
#22..........§#


You could see Dispater, a reaper, a shadow demon, a hellion and 2 tormentors.

Vanquished Creatures
  Dissolution (D)
  Mara (D)
  Asmodeus (D)
  3 orbs of fire (D)
  Tiamat (D)
  An ancient lich (D)
  Agnes (D)
  2 Killer Klowns (D)
  2 curse toes (D)
  An electric golem (D)
  9 Orb Guardians (D)
  8 acid blobs (D)
  A sphinx (D)
  Donald (D)
  13 azure jellies (D)
  A merfolk avatar (D)
  20 iron golems (D)
  A ghost moth (D)
  A draconian shifter (D)
  5 emperor scorpions (D)
  A reaper (D)
  Louise (D)
  4 white draconians (D)
  A purple draconian (D)
  3 black draconians (D)
  A red draconian (D)
  A mummy priest (D)
  11 great orbs of eyes (D)
  A wizard (D)
  19 catoblepae (D)
  A centaur warrior (D)
  8 two-headed ogres (D)
  An iron troll (D)
  13 harpies (D)
  9 ugly things (D)
  12 orb spiders (D)
  A cyclops (D)
  8 moths of wrath (D)
  5 rust devils (D)
  13 smoke demons (D)
  2 gargoyles (D)
  A kobold demonologist (D)
  A tormentor (D)
  A komodo dragon (D)
  An ice devil (D)
  A guardian mummy (D)
  8 polar bears (D)
  A hornet (D)
  2 queen bees (D)
  A hippogriff (shapeshifter) (D)
  A slime creature (D)
  Sigmund (D)
  21 air elementals (D)
  A redback (D)
  A golden eye (D)
  16 hungry ghosts (D)
  A vampire mosquito (D)
  4 neqoxecs (D)
  A soldier ant (D)
  2 hell hounds (D)
  An ice beast (D)
  2 eyes of draining (D)
  3 big kobolds (D)
  A bullfrog (D)
  2 earth elementals (D)
  9 killer bees (D)
  3 iron imps (D)
  5 worker ants (D)
  4 mummies (D)
  A giant cockroach zombie (D)
  A jackal skeleton (D)
  2 kobolds (D)
  A rat (D)
291 creatures vanquished.

Vanquished Creatures (collateral kills)
  2 great orbs of eyes (D)
  4 catoblepae (D)
  An orb spider (D)
  A smoke demon (D)
  A slime creature (D)
9 creatures vanquished.

Vanquished Creatures (others)
  22 dancing weapons (D)
22 creatures vanquished.

Grand Total: 322 creatures vanquished

Notes
Turn   | Place    | Note
-------+----------+-------------------------------------------
     0 | D        | w00t the Octopode Fighter began the quest for the Orb.
     0 | D        | Reached XP level 1. HP: 16/16 MP: 1/1
     3 | D        | Found a snail-covered altar of Cheibriados.
     3 | D        | Found a radiant altar of Vehumet.
     4 | D        | Found a sacrificial altar of Ru.
     4 | D        | Found a burning altar of Makhleb.
     5 | D        | Found an opulent altar of Gozag.
     5 | D        | Found a basalt altar of Yredelemnul.
     5 | D        | Round 1.
     6 | D        | Found Guanomah's Do-It-Yourself Clinic.
     6 | D        | Found a shadowy altar of Dithmenos.
     6 | D        | Found a glowing silver altar of Zin.
     6 | D        | Found Qeitymis's Distillery.
     7 | D        | Found Rabuttepp's Bottled Wisdom.
     7 | D        | Found Putud's Distillery.
    13 | D        | Became a worshipper of Gozag Ym Sagoz the Greedy
    17 | D        | Noticed a worker ant
    23 | D        | Killed a worker ant
    23 | D        | Reached XP level 2. HP: 4/22 MP: 2/2
    23 | D        | Reached XP level 3. HP: 5/27 MP: 3/3
    25 | D        | Found an ornate altar of the Wu Jian Council.
    25 | D        | Found an iron altar of Okawaru.
    35 | D        | Found Xaompuur's Weapon Rack.
    37 | D        | Found a viscous altar of Jiyva.
    37 | D        | Found a blossoming altar of Fedhas.
    37 | D        | Found a deep blue altar of Sif Muna.
    37 | D        | Found Sika's Premium Goods.
    37 | D        | Found Baw Fyusm's Basic Armour.
    37 | D        | Found Narop's Miscellaneous Merchandise.
    41 | D        | Found a roughly hewn altar of Beogh.
    42 | D        | Found a stormy altar of Qazlal.
    43 | D        | Found a glowing golden altar of the Shining One.
    44 | D        | Found Sapn's Identification Station.
    44 | D        | Found a hide-covered altar of Uskayaw.
    44 | D        | Found a bloodstained altar of Trog.
    44 | D        | Found a corrupted altar of Lugonu.
    44 | D        | Found Netuuppu's Delicious Food.
    45 | D        | Found Canorax's Advanced Armour.
    45 | D        | Found Cuphefuab's Jewellery.
    53 | D        | Bought a wavering brass ring for 45 gold pieces
    53 | D        | Bought a vibrating ruby amulet for 45 gold pieces
    53 | D        | Bought a flickering glass ring for 45 gold pieces
    53 | D        | Bought a pitted turquoise ring for 45 gold pieces
    53 | D        | Bought a steaming granite ring for 45 gold pieces
    53 | D        | Identified the amulet "Getsuf" {Harm *Drain rElec Int+4}
                  | (You bought it in a shop in the Dungeon)
    54 | D        | Identified the ring of Otruhij {rPois rC+ MR+} (You bought
                  | it in a shop in the Dungeon)
    55 | D        | Identified the ring of the Fool {*Drain rF+++ Str+3 Dex+4}
                  | (You bought it in a shop in the Dungeon)
    56 | D        | Identified the ring of the Oligarchy {rPois rN+ MR- Str+5
                  | Int+4} (You bought it in a shop in the Dungeon)
    57 | D        | Identified the ring "Toajys" {*Slow rC+ Int+3 Dex+3} (You
                  | bought it in a shop in the Dungeon)
    62 | D        | Found a shimmering altar of Xom.
    64 | D        | Found an ancient bone altar of Kikubaaqudgha.
    65 | D        | Found Xupem's Magic Scroll Shop.
    66 | D        | Found Duufifac's Staff Store.
    66 | D        | Found Loumegil's Magic Scroll Shop.
    66 | D        | Found Suwk's Must-Have Magic.
   115 | D        | Noticed Sigmund
   121 | D        | Killed Sigmund
   121 | D        | Reached skill level 5 in Dodging
   121 | D        | Reached skill level 5 in Stealth
   121 | D        | Reached skill level 5 in Shields
   121 | D        | Reached XP level 4. HP: 23/36 MP: 4/4
   121 | D        | Reached XP level 5. HP: 27/42 MP: 5/5
   142 | D        | Bought a scintillating marble ring for 45 gold pieces
   142 | D        | Bought a wavering golden ring for 45 gold pieces
   142 | D        | Bought a scintillating glass ring for 45 gold pieces
   142 | D        | Bought a fine pewter ring for 45 gold pieces
   142 | D        | Identified the ring of Jyepheig {MP+9 Dex+4} (You bought it
                  | in a shop in the Dungeon)
   143 | D        | Identified the ring of Ten Fyil {+Blink rF++ MP+9 Dex-2
                  | SInv} (You bought it in a shop in the Dungeon)
   144 | D        | Identified the ring "Medot" {rC+ Int+3 Dex+5 Stlth-} (You
                  | bought it in a shop in the Dungeon)
   145 | D        | Identified the ring of Ysaox {+Fly Str-3 Dex+2 SInv Stlth-}
                  | (You bought it in a shop in the Dungeon)
   171 | D        | Arena points: 12 (+12) [x2]
   209 | D        | Round 2.
   243 | D        | Reached XP level 6. HP: 49/49 MP: 6/6
   326 | D        | Noticed a soldier ant
   338 | D        | Killed a soldier ant
   338 | D        | Arena points: 48 (+36) [x3]
   361 | D        | Bought a potion of experience for 300 gold pieces
   361 | D        | Reached XP level 7. HP: 55/55 MP: 7/7
   387 | D        | Round 3.
   402 | D        | Reached XP level 8. HP: 62/62 MP: 8/8
   515 | D        | Noticed a kobold demonologist
   522 | D        | Killed a kobold demonologist
   522 | D        | Arena points: 132 (+84) [x4]
   546 | D        | Bought 2 potions of experience for 600 gold pieces
   546 | D        | Reached XP level 9. HP: 68/68 MP: 9/9
   547 | D        | Reached skill level 10 in Dodging
   547 | D        | Reached skill level 10 in Shields
   547 | D        | Reached XP level 10. HP: 74/74 MP: 10/10
   593 | D        | Round 4.
   601 | D        | Gained mutation: One of your tentacles bears a spike. [a
                  | neqoxec]
   604 | D        | Gained mutation: You are frail. (-10% HP) [a neqoxec]
   642 | D        | Gained mutation: You are dopey. (Int -2) [a neqoxec]
   647 | D        | Arena points: 232 (+100) [x5]
   661 | D        | Bought a potion of experience for 300 gold pieces
   661 | D        | Reached XP level 11. HP: 74/74 MP: 11/11
   662 | D        | Round 5.
   668 | D        | Noticed a witch
   675 | D        | Killed a witch
   675 | D        | Arena points: 512 (+280) [x7]
   675 | D        | Reached skill level 10 in Stealth
   679 | D        | Got a decaying rune of Zot
   714 | D        | Bought an ancient hat for 315 gold pieces
   750 | D        | Identified the +2 hat of Futtisiq {rN++ rCorr} (You bought
                  | it in a shop in the Dungeon)
   887 | D        | Round 6.
   970 | D        | Reached XP level 12. HP: 78/82 MP: 12/12
  1026 | D        | Arena points: 944 (+432) [x8]
  1041 | D        | Round 7.
  1043 | D        | Noticed an iron troll
  1069 | D        | Killed an iron troll
  1077 | D        | Arena points: 1574 (+630) [x9]
  1099 | D        | Bought 3 potions of experience for 900 gold pieces
  1127 | D        | Bought a faintly glowing shield for 332 gold pieces
  1132 | D        | Round 8.
  1137 | D        | Identified the cursed +0 shield of Rucexuto {Dex+3} (You
                  | bought it in a shop in the Dungeon)
  1149 | D        | Bought 2 rations for 40 gold pieces
  1149 | D        | Bought 2 rations for 40 gold pieces
  1149 | D        | Bought 2 rations for 40 gold pieces
  1149 | D        | Bought 2 rations for 40 gold pieces
  1149 | D        | Bought 2 rations for 40 gold pieces
  1149 | D        | Bought 2 rations for 40 gold pieces
  1149 | D        | Bought 2 rations for 40 gold pieces
  1149 | D        | Bought 2 rations for 40 gold pieces
  1149 | D        | Bought 2 rations for 40 gold pieces
  1149 | D        | Bought 2 rations for 40 gold pieces
  1149 | D        | Bought 2 rations for 40 gold pieces
  1149 | D        | Bought 2 rations for 40 gold pieces
  1149 | D        | Bought 2 rations for 40 gold pieces
  1149 | D        | Bought 2 rations for 40 gold pieces
  1149 | D        | Bought 2 rations for 40 gold pieces
  1149 | D        | Bought 2 rations for 40 gold pieces
  1149 | D        | Bought 2 rations for 40 gold pieces
  1209 | D        | Reached skill level 15 in Unarmed Combat
  1239 | D        | Arena points: 2374 (+800) [x10]
  1245 | D        | Bought a book of the Earth for 455 gold pieces
  1252 | D        | Learned a level 6 spell: Statue Form
  1252 | D        | Reached XP level 13. HP: 44/91 MP: 13/13
  1253 | D        | Reached skill level 15 in Fighting
  1253 | D        | Reached XP level 14. HP: 48/99 MP: 14/14
  1254 | D        | Reached XP level 15. HP: 51/104 MP: 15/15
  1255 | D        | Reached XP level 16. HP: 54/109 MP: 16/16
  1295 | D        | Bought 6 potions of might for 168 gold pieces
  1295 | D        | Bought 3 potions of haste for 210 gold pieces
  1296 | D        | Round 9.
  1301 | D        | Bought a potion of heal wounds for 35 gold pieces
  1342 | D        | Reached skill level 1 in Transmutations
  1342 | D        | Reached skill level 1 in Earth Magic
  1362 | D        | Reached skill level 1 in Spellcasting
  1391 | D        | Arena points: 3463 (+1089) [x11]
  1435 | D        | Bought 3 potions of experience for 900 gold pieces
  1435 | D        | Reached XP level 17. HP: 115/115 MP: 21/21
  1436 | D        | Reached XP level 18. HP: 121/121 MP: 23/23
  1437 | D        | Reached skill level 5 in Transmutations
  1437 | D        | Reached skill level 5 in Earth Magic
  1437 | D        | Reached XP level 19. HP: 126/126 MP: 26/26
  1465 | D        | Round 10.
  1493 | D        | Arena points: 4633 (+1170) [x13]
  1493 | D        | Reached skill level 5 in Spellcasting
  1497 | D        | Got a barnacled rune of Zot
  1502 | D        | Reached XP level 20. HP: 132/132 MP: 29/29
  1527 | D        | Bought 5 scrolls of fog for 100 gold pieces
  1527 | D        | Bought 4 scrolls of fog for 80 gold pieces
  1527 | D        | Bought 3 scrolls of fog for 60 gold pieces
  1527 | D        | Bought 5 scrolls of blinking for 375 gold pieces
  1527 | D        | Bought 4 scrolls of blinking for 300 gold pieces
  1527 | D        | Bought 3 scrolls of blinking for 225 gold pieces
  1704 | D        | Round 11.
  1751 | D        | Arena points: 6327 (+1694) [x14]
  1803 | D        | Round 12.
  1806 | D        | Bought 6 potions of resistance for 420 gold pieces
  1806 | D        | Bought 6 potions of might for 168 gold pieces
  1806 | D        | Bought 6 potions of agility for 168 gold pieces
  1806 | D        | Bought 3 potions of haste for 210 gold pieces
  1812 | D        | Identified the +8 large shield of Ypuf {rElec rPois Dex-5}
  1812 | D        | Noticed Louise
  1837 | D        | Killed Louise
  1919 | D        | Noticed Donald
  1940 | D        | Killed Donald
  1940 | D        | Arena points: 8487 (+2160) [x15]
  1940 | D        | Reached skill level 10 in Transmutations
  1940 | D        | Reached skill level 10 in Earth Magic
  1954 | D        | Bought 3 potions of heal wounds for 105 gold pieces
  1954 | D        | Bought 3 potions of heal wounds for 105 gold pieces
  1954 | D        | Bought 3 potions of heal wounds for 105 gold pieces
  1986 | D        | Round 13.
  2000 | D        | Reached skill level 10 in Spellcasting
  2071 | D        | Arena points: 8591 (+104) [x1]
  2081 | D        | Round 14.
  2101 | D        | Reached skill level 1 in Staves
  2135 | D        | Arena points: 8927 (+336) [x2]
  2145 | D        | Round 15.
  2146 | D        | Noticed Agnes
  2161 | D        | Killed Agnes
  2161 | D        | Arena points: 9587 (+660) [x4]
  2161 | D        | Reached XP level 21. HP: 137/137 MP: 37/37
  2162 | D        | Found the +3 warlock's mirror {reflect}
  2167 | D        | Got a mossy rune of Zot
  2178 | D        | Bought 15 scrolls of remove curse for 450 gold pieces
  2178 | D        | Bought 5 scrolls of fog for 100 gold pieces
  2178 | D        | Bought 4 scrolls of fog for 80 gold pieces
  2178 | D        | Bought 3 scrolls of fog for 60 gold pieces
  2189 | D        | Reached XP level 22. HP: 143/143 MP: 38/38
  2205 | D        | Bought 6 potions of resistance for 420 gold pieces
  2205 | D        | Bought 5 potions of haste for 350 gold pieces
  2205 | D        | Bought 4 potions of haste for 280 gold pieces
  2213 | D        | Bought 3 potions of heal wounds for 105 gold pieces
  2213 | D        | Bought 3 potions of heal wounds for 105 gold pieces
  2213 | D        | Bought 3 potions of heal wounds for 105 gold pieces
  2213 | D        | Bought 4 potions of curing for 84 gold pieces
  2213 | D        | Bought 4 potions of curing for 84 gold pieces
  2236 | D        | Bought a quad damage for 400 gold pieces
  2269 | D        | Bought a fine tin ring for 45 gold pieces
  2269 | D        | Bought a faintly glowing platinum amulet for 45 gold pieces
  2269 | D        | Bought a shimmering silver ring for 45 gold pieces
  2269 | D        | Bought a coiled platinum ring for 45 gold pieces
  2269 | D        | Bought a transparent brass amulet for 45 gold pieces
  2269 | D        | Bought a vibrating tin amulet for 45 gold pieces
  2269 | D        | Bought a brightly glowing diamond amulet for 45 gold pieces
  2269 | D        | Bought a sparkling amethyst amulet for 45 gold pieces
  2276 | D        | Bought 3 scrolls of identify for 150 gold pieces
  2276 | D        | Bought 3 scrolls of identify for 150 gold pieces
  2276 | D        | Bought 3 scrolls of identify for 150 gold pieces
  2276 | D        | Identified the ring "Syap" {+Fly Dex+2} (You bought it in a
                  | shop in the Dungeon)
  2277 | D        | Identified the amulet of Elack {Harm *Drain rElec} (You
                  | bought it in a shop in the Dungeon)
  2278 | D        | Identified the ring "Hutofel" {rC+++ AC+3 Int-4 Slay+2}
                  | (You bought it in a shop in the Dungeon)
  2279 | D        | Identified the ring "Goce" {rCorr +Blink Str+5 Int-2
                  | Slay+4} (You bought it in a shop in the Dungeon)
  2280 | D        | Identified the amulet "Niaf" {RegenMP SInv} (You bought it
                  | in a shop in the Dungeon)
  2281 | D        | Identified the amulet "Zumishr Yseusm" {RegenMP rPois rN+
                  | Str-5} (You bought it in a shop in the Dungeon)
  2282 | D        | Identified the amulet of the Failed Coup {rPois rF- rC+
                  | Regen+} (You bought it in a shop in the Dungeon)
  2283 | D        | Identified the amulet "Elurgheo" {Spirit Int+3} (You bought
                  | it in a shop in the Dungeon)
  2306 | D        | Round 16.
  2394 | D        | Arena points: 10627 (+1040) [x5]
  2429 | D        | Bought a book of Summonings for 490 gold pieces
  2429 | D        | Bought a book of the Sky for 455 gold pieces
  2436 | D        | Learned a level 6 spell: Deflect Missiles
  2441 | D        | Learned a level 4 spell: Summon Lightning Spire
  2448 | D        | Learned a level 6 spell: Iron Shot
  2456 | D        | Round 17.
  2458 | D        | Learned a level 9 spell: Shatter
  2574 | D        | Arena points: 10814 (+187) [x1]
  2584 | D        | Round 18.
  2619 | D        | Learned a level 5 spell: Aura of Abjuration
  2670 | D        | Reached skill level 15 in Dodging
  2710 | D        | Arena points: 11012 (+198) [x1]
  2720 | D        | Round 19.
  2820 | D        | Arena points: 11734 (+722) [x2]
  2845 | D        | Round 20.
  2847 | D        | Noticed Mara
  2851 | D        | Killed Mara
  2851 | D        | Arena points: 12774 (+1040) [x4]
  2853 | D        | Reached skill level 1 in Charms
  2853 | D        | Reached skill level 1 in Summonings
  2853 | D        | Reached skill level 1 in Air Magic
  2853 | D        | Reached XP level 23. HP: 156/156 MP: 40/40
  2854 | D        | Got a silver rune of Zot
  2981 | D        | Round 21.
  3037 | D        | Arena points: 13929 (+1155) [x5]
  3048 | D        | Round 22.
  3063 | D        | Noticed a curse toe
  3067 | D        | Noticed a curse toe
  3067 | D        | Noticed a curse toe
  3071 | D        | Killed a curse toe
  3071 | D        | Reached skill level 15 in Stealth
  3071 | D        | Noticed a curse toe
  3073 | D        | Noticed a curse toe
  3079 | D        | Noticed Murray
  3106 | D        | Killed a curse toe
  3106 | D        | Arena points: 14325 (+396) [x6]
  3122 | D        | Round 23.
  3152 | D        | Bought 5 potions of heal wounds for 500 gold pieces
  3152 | D        | Bought 5 potions of heal wounds for 500 gold pieces
  3247 | D        | Arena points: 16740 (+2415) [x7]
  3274 | D        | Round 24.
  3277 | D        | Bought 3 potions of heal wounds for 105 gold pieces
  3277 | D        | Bought 3 potions of heal wounds for 105 gold pieces
  3277 | D        | Bought 3 potions of heal wounds for 105 gold pieces
  3277 | D        | Bought 3 potions of heal wounds for 105 gold pieces
  3277 | D        | Bought 3 potions of heal wounds for 105 gold pieces
  3277 | D        | Bought 3 potions of heal wounds for 105 gold pieces
  3320 | D        | Paralysed by a great orb of eyes for 3 turns
  3327 | D        | Reached skill level 5 in Charms
  3327 | D        | Reached skill level 5 in Air Magic
  3340 | D        | Reached skill level 5 in Summonings
  3395 | D        | Arena points: 20004 (+3264) [x8]
  3439 | D        | Round 25.
  3441 | D        | Noticed Dissolution
  3463 | D        | Gained mutation: You are clumsy. (Dex -2) [a shining eye]
  3464 | D        | Killed Dissolution
  3464 | D        | Arena points: 23754 (+3750) [x10]
  3464 | D        | Reached XP level 24. HP: 170/170 MP: 41/41
  3468 | D        | Got a slimy rune of Zot
  3483 | D        | Reached skill level 15 in Spellcasting
  3483 | D        | Reached XP level 25. HP: 175/175 MP: 42/42
  3501 | D        | Bought a scroll of blinking for 120 gold pieces
  3503 | D        | Bought a potion of mutation for 136 gold pieces
  3503 | D        | Lost mutation: One of your tentacles bears a spike. [potion
                  | of mutation]
  3503 | D        | Lost mutation: You are frail. (-10% HP) [potion of
                  | mutation]
  3503 | D        | Lost mutation: You are clumsy. (Dex -2) [potion of
                  | mutation]
  3503 | D        | Gained mutation: You are weak. (Str -2) [potion of
                  | mutation]
  3503 | D        | Gained mutation: You are very weak. (Str -4) [potion of
                  | mutation]
  3503 | D        | Gained mutation: You evolve. [potion of mutation]
  3506 | D        | Bought a book of Unlife for 975 gold pieces
  3515 | D        | Learned a level 5 spell: Borgnjor's Vile Clutch
  3621 | D        | Round 26.
  3725 | D        | Arena points: 30332 (+6578) [x11]
  3761 | D        | Round 27.
  3766 | D        | Identified the +4 dragonskin cloak
  3766 | D        | Noticed Tiamat
  3780 | D        | Killed Tiamat
  3794 | D        | Noticed a Killer Klown
  3811 | D        | Noticed an orb of fire
  3816 | D        | Killed a Killer Klown
  3820 | D        | Killed an orb of fire
  3865 | D        | Noticed a Killer Klown
  3868 | D        | Noticed an orb of fire
  3869 | D        | Noticed an orb of fire
  3872 | D        | Killed a Killer Klown
  3872 | D        | Gained mutation: Your body sometimes deteriorates upon
                  | taking damage. [an orb of fire]
  3873 | D        | Gained mutation: Scrolls take you a little longer to read.
                  | [an orb of fire]
  3875 | D        | Gained mutation: You tend to lose your temper in combat.
                  | [an orb of fire]
  3877 | D        | Killed an orb of fire
  3880 | D        | Killed an orb of fire
  3881 | D        | Noticed an ancient lich
  3884 | D        | Reached skill level 27 in Unarmed Combat
  3906 | D        | Killed an ancient lich
  3906 | D        | Arena points: 36488 (+6156) [x12]
  3963 | D        | Learned a level 6 spell: Death Channel
  4004 | D        | Bought 4 potions of curing for 84 gold pieces
  4004 | D        | Bought 4 potions of curing for 84 gold pieces
  4004 | D        | Bought 4 potions of curing for 84 gold pieces
  4011 | D        | Bought a potion of mutation for 56 gold pieces
  4011 | D        | Bought a potion of lignification for 21 gold pieces
  4011 | D        | Bought 5 potions of berserk rage for 175 gold pieces
  4011 | D        | Bought 5 potions of berserk rage for 175 gold pieces
  4011 | D        | Bought 6 potions of magic for 336 gold pieces
  4011 | D        | Bought 6 potions of magic for 336 gold pieces
  4011 | D        | Bought 6 potions of resistance for 420 gold pieces
  4011 | D        | Bought 6 potions of resistance for 420 gold pieces
  4011 | D        | Bought 3 potions of mutation for 168 gold pieces
  4011 | D        | Bought 2 potions of mutation for 112 gold pieces
  4011 | D        | Bought a potion of mutation for 56 gold pieces
  4011 | D        | Bought 6 potions of brilliance for 168 gold pieces
  4011 | D        | Bought 6 potions of agility for 168 gold pieces
  4011 | D        | Bought 5 potions of haste for 350 gold pieces
  4011 | D        | Bought 4 potions of haste for 280 gold pieces
  4012 | D        | Bought a potion of magic for 56 gold pieces
  4012 | D        | Bought 5 potions of berserk rage for 175 gold pieces
  4012 | D        | Bought 5 potions of berserk rage for 175 gold pieces
  4012 | D        | Bought 6 potions of magic for 336 gold pieces
  4012 | D        | Bought 6 potions of magic for 336 gold pieces
  4012 | D        | Bought 3 potions of mutation for 168 gold pieces
  4012 | D        | Bought 2 potions of mutation for 112 gold pieces
  4012 | D        | Bought a potion of mutation for 56 gold pieces
  4012 | D        | Bought 6 potions of brilliance for 168 gold pieces
  4045 | D        | Round 28.
  4152 | D        | Arena points: 44496 (+8008) [x13]
  4171 | D        | Round 29.
  4259 | D        | Arena points: 50992 (+6496) [x14]
  4292 | D        | Round 30.
  4294 | D        | Identified the +7 sceptre of Asmodeus
  4294 | D        | Noticed Asmodeus
  4307 | D        | Killed Asmodeus
  4307 | D        | Arena points: 58672 (+7680) [x16]
  4307 | D        | Reached skill level 27 in Fighting
  4307 | D        | Reached XP level 26. HP: 169/217 MP: 46/46
  4323 | D        | Got an obsidian rune of Zot
  4324 | D        | Reached XP level 27. HP: 186/224 MP: 46/46
  4468 | D        | Round 31.
  4518 | D        | Reached skill level 27 in Dodging
  4628 | D        | Arena points: 59323 (+651) [x1]
  4643 | D        | Round 32.
  4703 | D        | Arena points: 60859 (+1536) [x2]
  4711 | D        | Bought a potion of curing for 69 gold pieces
  4711 | D        | Bought a potion of heal wounds for 115 gold pieces
  4711 | D        | Bought 2 potions of heal wounds for 230 gold pieces
  4711 | D        | Bought a potion of mutation for 184 gold pieces
  4713 | D        | Round 33.
  4714 | D        | Identified the +4 staff of Dispater
  4714 | D        | Noticed Dispater
  4745 | D        | Reached skill level 27 in Spellcasting
  4750 | D        | Reached skill level 1 in Necromancy
  4762 | D        | Killed from afar by Dispater

Skill      XL: |  1  2  3  4  5  6  7  8  9 10 11 12 13 14 15 16 17 18 19 20 21 22 23 24 25 26 27 |
---------------+----------------------------------------------------------------------------------+-----
Fighting       | 4 6 7 8 9 11 12 14 15 19 22 27 | 27.0
Stealth        | 2 5 6 7 8 9 10 13 14 18 25 | 25.1
Unarmed Combat | 3 6 11 12 13 15 16 21 23 24 27 | 27.0
Dodging        | 5 6 8 10 12 17 20 26 27 | 27.0
Shields        | 5 6 8 10 11 12 | 12.3
Transmutations | 3 4 5 7 13 | 13.1
Earth Magic    | 3 4 5 7 13 | 13.1
Spellcasting   | 2 3 4 6 12 13 14 15 19 27 | 27.0
Staves         | 6 |  6.3
Charms         | 1 9 |  9.3
Summonings     | 1 9 |  9.3
Air Magic      | 1 9 |  9.2
Necromancy     | 2 |  2.1

Action                   |  1- 3 |  4- 6 |  7- 9 | 10-12 | 13-15 | 16-18 | 19-21 | 22-24 | 25-27 || total
-------------------------+-------+-------+-------+-------+-------+-------+-------+-------+-------++-------
Melee: Unarmed           |     6 |    15 |    15 |   117 |       |    20 |    96 |   160 |   224 ||   653
       Tentacles         |     4 |     7 |     8 |    60 |       |     8 |    32 |    44 |    66 ||   229
       Constrict         |     3 |     5 |     6 |    20 |       |     7 |    13 |    34 |     9 ||    97
       Punch             |       |       |     2 |    28 |       |     5 |    25 |    36 |    62 ||   158
       Kick              |       |       |       |    91 |       |    13 |    60 |    79 |       ||   243
Throw: Stone             |       |       |       |     5 |       |     1 |     4 |     3 |       ||    13
 Cast: Statue Form       |       |       |       |       |       |       |     4 |    21 |    20 ||    45
       Summon Lightning  |       |       |       |       |       |       |       |    12 |    32 ||    44
       Deflect Missiles  |       |       |       |       |       |       |       |       |     1 ||     1
Invok: Potion Petition   |       |       |       |       |       |       |       |     1 |     9 ||    10
       Call Merchant     |       |       |       |       |       |       |       |       |     9 ||     9
Evoke: Wand              |       |       |       |       |       |       |     9 |     1 |       ||    10
       Quad damage       |       |       |       |       |       |       |       |       |     1 ||     1
       Lamp of fire      |       |       |       |       |       |       |       |       |     2 ||     2
  Use: Potion            |     2 |     2 |     2 |     5 |     3 |     4 |    12 |    37 |    23 ||    90
       Scroll            |       |       |       |       |       |       |     1 |    12 |     2 ||    15
 Stab: Distracted        |       |       |       |     4 |       |     1 |     1 |    12 |    15 ||    33
       Invisible         |       |       |       |       |       |       |       |       |    15 ||    15
  Eat: Ration            |       |       |       |     1 |       |       |     2 |     3 |     2 ||     8
Armor: Skin              |       |     1 |       |     1 |       |     1 |     7 |    30 |    34 ||    74
Dodge: Dodged            |       |     3 |     3 |    38 |       |     9 |    75 |   117 |   133 ||   378
       Deflected         |       |       |       |       |       |       |       |       |     7 ||     7
Block: Shield            |     3 |     9 |     5 |    55 |       |    12 |    58 |       |       ||   142
       Buckler           |       |       |       |       |       |       |       |    67 |   109 ||   176
       Reflection        |       |       |       |       |       |       |       |     7 |    17 ||    24
